 Dungeon Crawl Stone Soup version 0.30-a0-949-g53dc5368d7 (webtiles) character file.

Game seed: 2491958113004203825

349 Iniera the Conjurer (level 6, -3/41 HPs)
             Began as a Demonspawn Conjurer on Mar 27, 2023.
             Slain by an ogre
             ... wielding a +0 giant spiked club
              (22 damage)
             ... on level 5 of the Dungeon.
             The game lasted 00:05:06 (4745 turns).

Iniera the Conjurer (Demonspawn Conjurer)           Turns: 4745, Time: 00:05:06

Health: -3/41      AC: 10    Str:  7    XL:     6   Next: 33%
Magic:  7/11       EV:  9    Int: 21    God:
Gold:   169        SH:  0    Dex: 12    Spells: 1/12 levels left

rFire   + + .      SeeInvis .    f - +2 dagger (venom)
rCold   . . .      Faith    .    (no shield)
rNeg    . . .      Spirit   .    e - +2 ring mail {rF+}
rPois   .          Reflect  .    n - +0 helmet
rElec   .          Rampage  .    (no cloak)
rCorr   .                        (no gloves)
Will    .....                    (no boots)
Stlth   +                        (no amulet)
HPRegen 0.26/turn                j - ring of wizardry
MPRegen 0.12/turn                m - ring of protection from fire

@: no status effects
A: claws 2, thin metallic scales 1, spiny 1
a: no special abilities


You were on level 5 of the Dungeon.
You visited 1 branch of the dungeon, and saw 5 of its levels.

You collected 169 gold pieces.

Inventory:

Hand Weapons
 f - a +2 dagger of venom (weapon)
 i - a +3 short sword
Armour
 e - a +2 ring mail of fire resistance (worn)
 n - a +0 helmet (worn)
Jewellery
 c - a ring of wizardry
 j - a ring of wizardry (left claw)
 m - a ring of protection from fire (right claw)
Wands
 o - a wand of mindburst (14)
Scrolls
 a - 2 scrolls of identify
 p - a scroll of brand weapon {unknown}
 q - a scroll of amnesia
 s - 2 scrolls of teleportation
 t - a scroll of fog {unknown}
Potions
 b - 4 potions of magic
 d - a potion of heal wounds {unknown}
 g - a potion of cancellation
 h - 2 potions of degeneration {unknown}
 k - 2 potions of lignification {unknown}
 l - 2 potions of haste {unknown}
 r - a potion of might {unknown}


   Skills:
 - Level 1.1 Armour
 - Level 1.7 Dodging
 - Level 1.7 Stealth
 + Level 3.7 Spellcasting
 + Level 6.6 Conjurations


You had one spell level left.
You knew the following spells:

 Your Spells              Type           Power      Damage    Failure   Level
a - Magic Dart            Conj           100%       1d8       1%          1
b - Searing Ray           Conj           62%        2d6       1%          2
c - Fulminant Prism       Conj/Hex       8%         3d6       38%         4
d - Iskenderun's Mystic   Conj/Tloc      17%        2d5       38%         4

Your spell library contained the following spells:

 Spells                   Type           Power      Damage    Failure   Level
 Necrotise                Necr           12%        1d4       16%         1
 Dazzling Flash           Conj/Hex       34%        N/A       13%         3
 Gell's Gravitas          Tloc           3%         N/A       43%         3
 Ozocubu's Armour         Ice            3%         N/A       43%         3
 Teleport Other           Tloc           3%         N/A       43%         3
 Vampiric Draining        Necr           3%         2d6       43%         3
 Agony                    Necr           3%         N/A       98%         5
 Silence                  Hex/Air        1%         N/A       98%         5
 Dispersal                Tloc           1%         N/A       100%        6
 Ozocubu's Refrigeration  Ice            1%         4d7       100%        7


Dungeon Overview and Level Annotations

Branches:
Dungeon (5/15)
 Temple: D:4-7

Altars:
Fedhas
Gozag
Makhleb
Wu Jian

Shops:
D:2 *


Innate Abilities, Weirdness & Mutations

You have very sharp fingernails.
You are partially covered in thin metallic scales. (AC +2)
You are partially covered in sharp spines.


Message History

The gnoll is severely wounded.
The searing ray hits the gnoll!
You kill the gnoll!
The searing ray hits the gnoll.
The gnoll is almost dead.
An adder comes into view.
The gnoll is struck by your spines.
You kill the gnoll!
You finish channelling your searing ray.
The magic dart hits the adder.
The adder is heavily wounded.
The magic dart hits the adder.
The adder is severely wounded.
The magic dart hits the adder.
You kill the adder!
An ogre comes into view. It is wielding a +0 giant spiked club.
You climb upwards.
There is a stone staircase leading down here.
You start resting.
Magic restored.
You climb downwards.
The ogre hits you with a +0 giant spiked club!!
Ouch! That really hurt!
There is a stone staircase leading up, spattered with blood here.
Casting: Magic Dart (safe; 1% risk of failure)
Confirm with . or Enter, or press ? or * to list all spells.
Aiming: Searing Ray (safe; 1% risk of failure)
Press: ? - help, Shift-Dir - straight line, f - ogre
Aim: an ogre, wielding a +0 giant spiked club (90% to hit)
The searing ray hits the ogre.
The ogre is lightly wounded. (Press . to maintain the ray.)
The ogre is struck by your spines. The ogre barely misses you.
The searing ray hits the ogre!
The ogre is severely wounded.
The searing ray hits the ogre.
The ogre is almost dead.
The ogre hits you with a +0 giant spiked club!!
Ouch! That really hurt!
You die...

..#
.....####
#...).O@#
#.#.#####


You could see an ogre.

Vanquished Creatures
  A phantom (D:4)
  An iguana (D:4)
  A sleepcap (D:3)
  6 gnolls
  8 adders
  3 worms
  A dart slug (D:2)
  4 orcs
  6 ball pythons
  2 endoplasms (D:2)
  6 giant cockroaches
  10 goblins
  2 hobgoblins
  6 jackals (D:4)
  8 kobolds
  8 quokkas
  5 bats
  3 frilled lizards
  2 rats (D:1)
83 creatures vanquished.

Notes
Turn   | Place    | Note
-------+----------+-------------------------------------------
     0 | D:1      | Iniera the Demonspawn Conjurer began the quest for the Orb.
     0 | D:1      | Reached XP level 1. HP: 13/13 MP: 3/3
   222 | D:1      | Gained mutation: You are partially covered in thin metallic
                  | scales. (AC +2) [demonic ancestry]
   222 | D:1      | Reached XP level 2. HP: 19/19 MP: 1/5
   745 | D:1      | Learned a level 2 spell: Searing Ray
   998 | D:2      | Found Otises's Assorted Antiques.
  1062 | D:2      | Reached skill level 5 in Conjurations
  1062 | D:2      | Gained mutation: You have sharp fingernails. [demonic
                  | ancestry]
  1062 | D:2      | Reached XP level 3. HP: 24/24 MP: 2/6
  1795 | D:2      | Gained mutation: You are partially covered in sharp spines.
                  | [demonic ancestry]
  1795 | D:2      | Reached XP level 4. HP: 30/30 MP: 4/7
  2309 | D:3      | Found an ornate altar of the Wu Jian Council.
  2372 | D:3      | Found a burning altar of Makhleb.
  2373 | D:3      | Found a blossoming altar of Fedhas.
  3017 | D:3      | Reached XP level 5. HP: 35/35 MP: 4/9
  3096 | D:3      | Reached skill level 6 in Conjurations
  3618 | D:4      | Reached skill level 1 in Armour
  3675 | D:4      | Found an opulent altar of Gozag.
  3786 | D:4      | Noticed a phantom
  3795 | D:4      | Killed a phantom
  3796 | D:4      | Gained mutation: You have very sharp fingernails. [demonic
                  | ancestry]
  3796 | D:4      | Reached XP level 6. HP: 38/41 MP: 1/11
  3972 | D:4      | Learned a level 4 spell: Fulminant Prism
  3977 | D:4      | Learned a level 4 spell: Iskenderun's Mystic Blast
  4674 | D:5      | Entered Level 5 of the Dungeon
  4745 | D:5      | Slain by an ogre

Illustrated notes

Levels and vault maps discovered:
D:1:      dpeg_arrival_round_a, layout_basic
D:2:      layout_loops_cross, serial_shops, nicolae_shop_stone,
          serial_park_tiny_pond, nicolae_hexahallways
D:3:      minmay_spotlight, layout_loops_ring, nicolae_overflow_crystal_walls,
          grunt_temple_overflow_open, roderic_roman_lattice,
          minmay_misc_feat_square, chequers_serial_rivers_micro_d
D:4:      layout_loops_corners, nicolae_gozag_cash_rules_everything_around_me,
          st_stairs_13, chequers_serial_rivers_small_3,
          chequers_serial_rivers_room_b
D:5:      layout_basic, nicolae_ru_sacrificial_ziggurat, serial_shops,
          nicolae_square_shop, corexii_hall_statues_l,
          chequers_serial_rivers_small_a, uniq_grinder

Skill      XL: |  1  2  3  4  5 |
---------------+----------------+-----
Conjurations   | 5 6 |  6.6
Armour         | 1 |  1.1
Spellcasting   | 3 |  3.7
Dodging        | |  1.7
Stealth        | |  1.7

Action                     |  1- 3 |  4- 6 || total
---------------------------+-------+-------++-------
  Melee: Dagger            |    16 |    15 ||    31
         Unarmed           |     7 |       ||     7
   Cast: Magic Dart        |    63 |    72 ||   135
         Searing Ray       |     3 |    10 ||    13
    Use: Scroll            |     3 |     1 ||     4
   Stab: Sleeping          |     1 |       ||     1
 Armour: Robe              |    11 |       ||    11
         Ring mail         |       |    13 ||    13
  Dodge: Dodged            |    21 |    12 ||    33

Table legend: (Time is in decaauts)
 A = Elapsed time spent in this place.
 B = Non-inter-level travel time spent in this place.
 C = Inter-level travel time spent in this place.
 D = Time resting spent in this place.
 E = Time spent auto-exploring this place.
 F = Levels seen in this place.
 G = Mean time per level.
                   A        B        C        D        E       F      G
               +--------+--------+--------+--------+--------+-----+--------+
         Total |   4744 |   4616 |    128 |    189 |   3962 |   5 |  948.8 |
       Dungeon |   4744 |   4616 |    128 |    189 |   3962 |   5 |  948.8 |
               +--------+--------+--------+--------+--------+-----+--------+

Top non-repeatable levels by time:
     D:2: 1329 daAuts
     D:3: 1252 daAuts
     D:4: 1211 daAuts
     D:1: 931 daAuts
     D:5: 20 daAuts
